 Dungeon Crawl Stone Soup version 0.30-a0-385-gfebfb9b408 (webtiles) character file.

Game seed: 9888463134818033397

438 Decritt the Trooper (level 7, -1/53 HPs)
             Began as a Djinni Air Elementalist on Dec 2, 2022.
             Slain by Pikel
             ... wielding a +2 whip of flaming
              (9 damage)
             ... on level 2 of the Dungeon.
             The game lasted 00:10:51 (4794 turns).

Decritt the Trooper (Djinni Air Elementalist)       Turns: 4794, Time: 00:10:52

Health: -1/53      AC:  2    Str:  7    XL:     7   Next: 22%
Gold:   187        EV: 12    Int: 18    God:
                   SH:  0    Dex: 14

rFire   + + .      SeeInvis .    q - +2 dagger (speed)
rCold   x . .      Faith    .    (no shield)
rNeg    . . .      Spirit   .    (no body armour)
rPois   ∞          Reflect  .    t - +1 helmet
rElec   .          Harm     .    (no cloak)
rCorr   .          Rampage  .    (no gloves)
Will    +....                    (boots unavailable)
Stlth   ++........               (no amulet)
HPRegen 0.28/turn                y - ring of willpower
MPRegen 0.00/turn                (no ring)

@: flying
A: sickness immunity, fire resistance 2, cold vulnerability 1, float, innate
caster, HP casting, extra vitality 1
a: no special abilities


You were on level 2 of the Dungeon.
You visited 1 branch of the dungeon, and saw 4 of its levels.

You collected 187 gold pieces.

Inventory:

Hand Weapons
 q - a +2 dagger of speed (weapon)
Armour
 l - a +2 kite shield
 t - a +1 helmet (worn)
 x - a +2 animal skin
Jewellery
 y - a ring of willpower (left hand)
Wands
 u - a wand of digging (6)
Scrolls
 c - 2 scrolls of blinking
 h - a scroll of poison
 v - 2 scrolls of enchant armour
Potions
 a - a potion of invisibility {unknown}
 j - a potion of lignification
 n - a potion of curing
 s - a potion of ambrosia {unknown}


   Skills:
 * Level 4.7 Fighting
 - Level 2.1 Dodging
 - Level 1.5 Stealth
 * Level 4.4 Spellcasting


You couldn't memorise any spells.
You knew the following spells:

 Your Spells              Type           Power      Damage    Failure   Level
a - Shock                 Conj/Air       80%        1d8       2%          1
b - Airstrike             Air            10%        2d(2-18)  22%         4
c - Summon Small Mammal   Summ           80%        N/A       2%          1
d - Static Discharge      Conj/Air       40%        2-4/arc   3%          2
e - Swiftness             Air            20%        N/A       7%          3
f - Momentum Strike       Conj/Tloc      40%        3d9       3%          2
g - Confusing Touch       Hex            20%        N/A       7%          3
Your spell library was empty.

Dungeon Overview and Level Annotations

Branches:
Dungeon (4/15)
 Temple: D:4-7

Altars:

Annotations:
D:2 Pikel


Innate Abilities, Weirdness & Mutations

You are immune to sickness and miasma.
You are immune to poison.
Your flesh is very heat resistant. (rF++)
You are vulnerable to cold. (rC-)
You float through the air rather than walking.
You learn spells naturally, not from books.
Your magical power is your life essence.
You have superior vitality. (+4 MHP)


Message History

Pikel misses you.
Casting: Shock (safe; 2% risk of failure)
Confirm with . or Enter, or press ? or * to list all spells.
Aiming: Shock (safe; 2% risk of failure)
Press: ? - help, Shift-Dir - straight line, f/p - Pikel
Aim: Pikel, wielding a +2 whip of flaming and wearing a +0 robe (64% to hit)
The zap hits Pikel but does no damage.
* * * LOW HITPOINT WARNING * * *
Pikel barely misses you.
Casting: Shock (safe; 2% risk of failure)
Confirm with . or Enter, or press ? or * to list all spells.
Aiming: Shock (safe; 2% risk of failure)
Press: ? - help, Shift-Dir - straight line, f/p - Pikel
Aim: Pikel, wielding a +2 whip of flaming and wearing a +0 robe (64% to hit)
The zap hits Pikel.
Pikel is lightly wounded.
* * * LOW HITPOINT WARNING * * *
Pikel hits you with a +2 whip of flaming!
* * * LOW HITPOINT WARNING * * *
Pikel burns you.
* * * LOW HITPOINT WARNING * * *
Casting: Shock (safe; 2% risk of failure)
Confirm with . or Enter, or press ? or * to list all spells.
Aiming: Shock (safe; 2% risk of failure)
Press: ? - help, Shift-Dir - straight line, f/p - Pikel
Aim: Pikel, wielding a +2 whip of flaming and wearing a +0 robe (lightly wounded, 64% to hit)
The zap misses Pikel.
* * * LOW HITPOINT WARNING * * *
Pikel hits you with a +2 whip of flaming.
* * * LOW HITPOINT WARNING * * *
Casting: Shock (safe; 2% risk of failure)
Confirm with . or Enter, or press ? or * to list all spells.
Aiming: Shock (safe; 2% risk of failure)
Press: ? - help, Shift-Dir - straight line, f/p - Pikel
Aim: Pikel, wielding a +2 whip of flaming and wearing a +0 robe (64% to hit)
The zap misses Pikel.
* * * LOW HITPOINT WARNING * * *
You no longer feel sluggish.
Pikel hits you with a +2 whip of flaming!
You die...

#....)# #........###.## #.
####..# ####.##### #.# #. #..#
####.# #.# #. ####..# #....#
##'## #. ......# #.#### ##...##
#. ####.## #.## ##.....## #.
#.##.# #..## ##.......####
...#.#########...####.........###
................@K..'............
...#.#########...####............
#..#.# #....## ##........###
#.#..# #.#### ##K....#.### ##.###
#.# ##...##.##. #.# #.#
##'###.##. #.# ##.## #.# #.##.
#.# ##...## #.# #.### #g#
##.....####### ##.###....


You could see Pikel.

Vanquished Creatures
  2 lemures (D:3)
  A phantom (D:4)
  A bullfrog (D:4)
  An iguana (D:4)
  An orc wizard (D:3)
  Robin (D:3)
  3 gnolls
  11 adders
  An ufetubus (D:4)
  3 worms
  9 orcs
  6 bats
  6 endoplasms
  2 giant cockroaches
  12 goblins
  15 hobgoblins
  A quokka (D:1)
  6 ball pythons
  3 frilled lizards
  9 kobolds
  2 rats (D:3)
96 creatures vanquished.

Notes
Turn   | Place    | Note
-------+----------+-------------------------------------------
     0 | D:1      | Decritt the Djinni Air Elementalist began the quest for the
                  | Orb.
     0 | D:1      | Decritt set off with the following spells memorised: Shock,
                  | Static Discharge, Swiftness, Airstrike.
     0 | D:1      | Reached XP level 1. HP: 15/15 MP: 0/0
   136 | D:1      | Reached skill level 1 in Fighting
   136 | D:1      | Reached XP level 2. HP: 14/22 MP: 0/0
   582 | D:1      | Reached XP level 3. HP: 26/27 MP: 0/0
   582 | D:1      | Learned a level 1 spell: Summon Small Mammal
   943 | D:2      | Identified the +1 chain mail "Osukh" {Int-5 Dex+4 Slay+2
                  | Stlth+}
  1160 | D:2      | Reached XP level 4. HP: 30/33 MP: 0/0
  1512 | D:2      | Reached XP level 5. HP: 35/40 MP: 0/0
  1512 | D:2      | Learned a level 2 spell: Momentum Strike
  2136 | D:3      | Found a faded altar of an unknown god.
  2375 | D:3      | Noticed Robin
  2832 | D:3      | Killed Robin
  2833 | D:3      | Reached XP level 6. HP: 34/46 MP: 0/0
  3953 | D:4      | Reached XP level 7. HP: 48/53 MP: 0/0
  3953 | D:4      | Learned a level 3 spell: Confusing Touch
  3960 | D:4      | Noticed Pikel
  4769 | D:2      | HP: 1/53 [Pikel/+2 whip of flaming (12)]
  4794 | D:2      | Slain by Pikel

Illustrated notes

Levels and vault maps discovered:
D:1:      minmay_arrival_up_and_down, layout_basic, minmay_tromino_i4
D:2:      layout_loops_corners
D:3:      layout_basic, basic_ecumenical_altar, minmay_starry_boxes, uniq_robin
D:4:      layout_cave_pools, nicolae_underground_beach, uniq_pikel

Skill      XL: |  1  2  3  4  5  6 |
---------------+-------------------+-----
Fighting       | 1 2 3 4 |  4.7
Spellcasting   | 3 4 |  4.4
Dodging        | |  2.1
Stealth        | |  1.5

Action                   |  1- 3 |  4- 6 |  7- 9 || total
-------------------------+-------+-------+-------++-------
Melee: Unarmed           |     4 |     1 |       ||     5
       Whip              |       |     5 |       ||     5
       Dagger            |       |    16 |    15 ||    31
 Cast: Shock             |    81 |   173 |    60 ||   314
       Swiftness         |       |     1 |     4 ||     5
       Airstrike         |       |       |     1 ||     1
  Use: Scroll            |       |    15 |       ||    15
       Potion            |       |       |     1 ||     1
Armor: Robe              |     2 |     8 |       ||    10
       Skin              |       |     1 |     4 ||     5
Dodge: Dodged            |    11 |    52 |    41 ||   104

Table legend: (Time is in decaauts)
 A = Elapsed time spent in this place.
 B = Non-inter-level travel time spent in this place.
 C = Inter-level travel time spent in this place.
 D = Time resting spent in this place.
 E = Time spent auto-exploring this place.
 F = Levels seen in this place.
 G = Mean time per level.
                   A        B        C        D        E       F      G
               +--------+--------+--------+--------+--------+-----+--------+
         Total |   4780 |   4522 |    258 |   1335 |   2486 |   4 | 1195.0 |
       Dungeon |   4780 |   4522 |    258 |   1335 |   2486 |   4 | 1195.0 |
               +--------+--------+--------+--------+--------+-----+--------+

Top non-repeatable levels by time:
     D:3: 2286 daAuts
     D:2: 1422 daAuts
     D:1: 816 daAuts
     D:4: 255 daAuts
